Unix NetHack Version 5.0.0-0 post-release - last build May 31 2026 23:59:36 (970b52f25bf058293b47ddfd14a1e40e571c508c,branch:main).

Game began 2026-05-26 11:01:29, ended 2026-06-03 11:07:45.

Grufus, lawful female human Valkyrie

 ----------                         --------
 |......^.|                         |......|                         -------
 |........|     --------------      |......|`########################......|
 |........|    #-............-#    #...{...|)                        |.....|
 |....<....#####|............|######|.......#                        |.....|
 -----|----##   |............|#     |......|#                        -----.-
      #    #    |.>..........|##    ---|----###    --------------         #
      #    #    --------------##    `######## #    |....(.......|         #
      ##   #           ##############  #      #    |............|         #
       #   #     #########`#####      ##      ##   |............|        ##
       #  ##   #####           #  #####        #   |.j......Y.^@.###     #
       #  #  ####              #--.------      ####|...........{|  #     #
       #  #  ##                #|.......|          --------------  # ----|--
     --|--####                 #|.......|                          ##|.....|
     |...|#  #                 #|....^..|                           #|[....|
     |...|####                 #|.......|                           #-.../.|
     |...| #                   #-.......|                            |.....|
     |....##                    ---------                            |.....|
     -----                                                           -------

Grufus the Fighter          St:18/01 Dx:15 Co:18 In:8 Wi:12 Ch:10  Lawful
Dlvl:14 $:262 HP:0(93) Pw:13(13) AC:4  Xp:9 T:18290  FoodPois Satiated

Latest messages:
 The lynx misses!
 The lynx misses!
 The lynx misses!
 The lynx hits!
 The lynx bites!
 You miss the lynx.
 The lynx misses!
 The lynx hits!
 The lynx bites!
 The lynx hits!
 The lynx misses!
 The lynx bites!
 You kill the lynx!
 You feel a bit steadier now.
 You see here a lynx corpse.
 There is a lynx corpse here; eat it? [ynq] (n) y
 This lynx corpse is tough.
 You finish eating the lynx corpse.
 You see here a dog corpse.
 There is a dog corpse here; eat it? [ynq] (n) y
 Ulch - that meat was tainted!
 You feel deathly sick.
 (It must have died too long ago to be safe to eat.)
 Searching doesn't feel like a good idea right now.
 Are you sure you want to pray? [yn] (n) y
 You begin praying to Tyr.
 You finish your prayer.
 The voice of Tyr booms out: 
 "Thou art arrogant, mortal."
 "Thou must relearn thy lessons!"
 Farvel level 10.
 What do you want to drink? [ehwDLQ or ?*] Q
 You feel better.
 Searching doesn't feel like a good idea right now.
 Your sickness feels worse.
 What do you want to zap? [bjrzBCEIKPUZ or ?*] r
 In what direction? .
 Your sickness is severe.
 What do you want to eat? [y or ?*] y
 This lizard corpse tastes okay.
 You are at Death's door.
 You finish eating the lizard corpse.
 You feel less concerned about becoming petrified.
 You die from your illness.
 Do you want your possessions identified? [ynq] (y) y
 Do you want to see your attributes? [ynq] (y) y
 Do you want an account of creatures vanquished? [ynaq] (y) y
 Do you want a list of species genocided? [ynq] (y) y
 Do you want to see your conduct and achievements? [ynq] (y) y
 Do you want to see the dungeon overview? [ynq] (y) y

Inventory:
 Coins    ('$')
  $ - 262 gold pieces
 Weapons  (')')
  W - 2 +0 knives (wielded)
 Armor    ('[')
  R - an uncursed very rusty +0 helm of telepathy (being worn)
  H - an uncursed +0 pair of leather gloves (being worn)
  v - an uncursed rotted +0 pair of low boots (being worn)
  c - an uncursed burnt +0 small shield (being worn)
  a - an uncursed rotted +0 elven cloak (being worn)
  d - an uncursed +0 elven mithril-coat (being worn)
 Scrolls  ('?')
  f - an uncursed scroll of blank paper
  l - 3 uncursed scrolls of blank paper
  n - an uncursed scroll of blank paper
  u - an uncursed scroll of blank paper
  A - an uncursed scroll of blank paper
  G - an uncursed scroll of blank paper
  N - an uncursed scroll of blank paper
  T - 2 uncursed scrolls of blank paper
  X - an uncursed scroll of blank paper
 Potions  ('!')
  h - 3 uncursed potions of fruit juice
  e - an uncursed potion of water
  w - an uncursed potion of water
  D - 3 uncursed potions of water
  L - an uncursed potion of water
 Rings    ('=')
  o - an uncursed ring of protection from shape changers
  i - an uncursed ring of regeneration
  s - an uncursed ring of see invisible (on right hand)
  g - an uncursed ring of sustain ability (on left hand)
  x - an uncursed ring of teleportation
 Wands    ('/')
  r - a wand of cancellation (0:4)
  E - a wand of cold (0:-1)
  P - a wand of cold (0:-1)
  U - a wand of create monster (0:-1)
  b - a wand of digging (0:-1)
  z - a wand of digging (0:-1)
  I - a wand of lightning (0:-1)
  B - a wand of make invisible (0:-1)
  Z - a wand of make invisible (0:-1)
  K - a wand of polymorph (0:-1)
  j - a wand of probing (0:-1)
  C - a wand of teleportation (0:-1)
 Tools    ('(')
  k - an uncursed sack containing 1 item
  O - an uncursed credit card
  F - an expensive camera (0:94)
  J - an uncursed leash
  V - an uncursed tallow candle
  M - a +0 unicorn horn
  t - an uncursed partly used wax candle
  S - an uncursed wax candle

Contents of the sack:
  12588 gold pieces

Grufus the Valkyrie's attributes:

Background:
 You were a Fighter, a level 9 human Valkyrie.
 You were lawful, on a mission for Tyr
 who was opposed by Odin (neutral) and Loki (chaotic).
 You were right-handed.
 You were in the Dungeons of Doom, on level 14.
 You entered the dungeon 18290 turns ago.
 You had 5119 experience points, 1 more was needed to attain level 10.

Basics:
 You had 0 out of 93 hit points.
 You had all 13 energy points (spell power).
 Your armor class was 4.
 Your wallet contained 262 zorkmids, and
 you had 12588 more stashed away in your pack.
 Autopickup was off.

Final Characteristics:
 Your strength was 18/01 (limit:18/100).
 Your dexterity was 15 (limit:18).
 Your constitution was 18 (limit:18).
 Your intelligence was 8 (limit:18).
 Your wisdom was 12 (limit:18).
 Your charisma was 10 (limit:18).

Final Status:
 You died from food poisoning.
 You were satiated.
 You were unencumbered.
 You were wielding knives.
 You had no skill with knife.

Final Attributes:
 You were piously aligned.
 You were cold resistant.
 You were poison resistant.
 You were temporarily petrification resistant.
 You saw invisible.
 You were telepathic.
 You were stealthy.
 You were guarded.
 Your spell casting was impaired by metallic armor.
 You had fixed abilities.
 You were unlucky.
 Tyr was angry with you.
 You are dead.

Miscellaneous:
 You encountered 1 bones level.
 Total elapsed playing time was 9 hours, 37 minutes and 30 seconds.

Major events:
 Turn
    1: Grufus the lawful human Valkyrie entered the dungeon
 1077: attained the rank of Skirmisher (level 3)
 1174: entered the Gnomish Mines
 3398: attained the rank of Fighter (level 6)
 6781: entered Sokoban
 8421: reached Mine Town
11404: performed her first genocide (water moccasins)
14750: attained the rank of Woman-at-arms (level 10)
18290: poisoned by a rotted dog corpse

Spells:
 Name                 Level Category     Fail Retention
 detect monsters        1   divination   100%   51%-75%
 chain lightning        2   attack       100%   51%-75%
 cure blindness         2   healing      100%  76%-100%

Skills:
 Fighting Skills
   bare handed combat [Unskilled]
   two weapon combat  [Unskilled]
   riding             [Unskilled]
 Weapon Skills
   dagger             [Basic]
   axe                [Unskilled]
   pick-axe           [Unskilled]
   short sword        [Unskilled]
   broadsword         [Unskilled]
   long sword         [Unskilled]
   two-handed sword   [Unskilled]
   saber              [Unskilled]
   hammer             [Unskilled]
   quarterstaff       [Unskilled]
   polearms           [Unskilled]
   spear              [Skilled]
   trident            [Unskilled]
   lance              [Unskilled]
   sling              [Unskilled]
 Spellcasting Skills
   attack spells      [Unskilled]
   escape spells      [Unskilled]

Voluntary challenges:
 Character rerolling was not enabled.
 You genocided 1 type of monster.
 You used no wishes.
 You did not violate any of the special Sokoban rules.
Achievements:
 You entered a shop.
 You attained the rank of Skirmisher.
 You entered the Gnomish Mines.
 You attained the rank of Fighter.
 You entered Sokoban.
 You entered Minetown.
 You entered a temple.
 You attained the rank of Woman-at-arms.

 The Dungeons of Doom: levels 1 to 14
    Level 1:
       A fountain.
    Level 2:
       A general store, a fountain.
       Stairs down to The Gnomish Mines.
    Level 3:
       Many fountains, a sink.
    Level 4:
       A general store, a fountain, a grave.
       Final resting place for
          yeovil-Wiz-Hum-Mal-Neu, killed by Mr. Adjama; the shopkeeper.
    Level 5:
       An altar to Tyr, a fountain.
    Level 6:
       A weapon shop, a fountain.
    Level 7:
       Many fountains.
    Level 8:
       A general store, some fountains.
       Stairs up to Sokoban, level 7.
    Level 9:
    Level 10:
       A fountain.
    Level 11:
       Some fountains.
    Level 12:
       Some graves.
    Level 13:
       A fountain.
    Level 14: <- You were here.
       Some fountains.
       Summoned by the Norn.
       Final resting place for
          you, poisoned by a rotted dog corpse.
 The Gnomish Mines: levels 3 to 11
    Level 3:
    Level 4:
    Level 5:
       Many shops, a temple and an altar, many fountains.
    Level 6:
    Level 7:
    Level 8:
    Level 9:
    Level 10:
    Level 11:
 Sokoban:
    Level 7:
       Unsolved.


Vanquished creatures:
  a stone golem
  a lurker above
  a vampire
  a ghost
  3 large mimics
  2 stalkers
 an air elemental
 an earth elemental
  2 giant zombies
 an elf-noble
  a warg
  2 small mimics
  2 warhorses
  a xan
  a quantum mechanic
  a wood golem
  2 gelatinous cubes
  a large dog
  a freezing sphere
  a flaming sphere
  2 large cats
  a tiger
  a tengu
  2 leocrottas
  a mountain centaur
 an elf mummy
  2 pythons
  4 wraiths
  a carnivorous ape
 an ettin zombie
  a leather golem
  3 watchmen
 an amorous demon
  4 chameleons
  2 crocodiles
  6 giant beetles
  2 wolves
  a winter wolf cub
  a lynx
  a panther
  2 gremlins
 34 leprechauns
 an iron piercer
  a mumak
  3 giant spiders
  2 ice vortices
  3 vampire bats
  2 gnome rulers
  a dwarf mummy
  3 brown puddings
  5 owlbears
  2 werewolves
  7 Green-elves
  7 lizards
  a dog
  a housecat
  a jaguar
  2 blue jellies
  2 black unicorns
  a raven
  3 snakes
 an ape
  8 human zombies
  a rope golem
  4 Woodland-elves
  a soldier ant
  2 fire ants
  3 imps
  a quasit
  4 wood nymphs
  5 water nymphs
  3 mountain nymphs
  4 Mordor orcs
 an Uruk-hai
 an orc shaman
  3 rock piercers
  5 rock moles
  2 ponies
  2 fog clouds
  6 yellow lights
  2 shriekers
  a violet fungus
 19 gnome leaders
  7 gnomish wizards
  a kobold mummy
  a red naga hatchling
  a golden naga hatchling
  4 gray oozes
  a barrow wight
  4 elf zombies
  3 ghouls
  3 paper golems
  a baby crocodile
 10 giant ants
  2 little dogs
  8 floating eyes
  2 kittens
 19 dwarves
  2 homunculi
  2 kobold leaders
  a kobold shaman
 15 hill orcs
  6 rothes
  2 centipedes
  7 giant bats
  2 monkeys
 10 dwarf zombies
  a wererat
  2 werejackals
  8 iguanas
  5 killer bees
  5 acid blobs
  4 coyotes
  a gas spore
  5 hobbits
  3 hobgoblins
  2 giant rats
  6 cave spiders
  a brown mold
  8 yellow molds
  3 green molds
 70 gnomes
  a garter snake
  a gnome zombie
 13 geckos
 12 jackals
  5 foxes
  2 kobolds
  8 goblins
  a sewer rat
 10 grid bugs
  8 lichens
  4 kobold zombies
  7 newts
538 creatures vanquished.

Genocided species:
 water moccasins
1 species genocided.

Game over:
                       ----------
                      /          \
                     /    REST    \
                    /      IN      \
                   /     PEACE      \
                  /                  \
                  |      Grufus      |
                  |     12850 Au     |
                  |  poisoned by a   |
                  |    rotted dog    |
                  |      corpse      |
                  |                  |
                  |       2026       |
                 *|     *  *  *      | *
        _________)/\\_//(\/(/\)/\//\/|_)_______

Farvel Grufus the Valkyrie...

You were poisoned in The Dungeons of Doom on dungeon level 14 with 49765 points,
and 12850 pieces of gold, after 18290 moves.
You were level 9 with a maximum of 93 hit points when you were poisoned.

